 Dungeon Crawl Stone Soup version 0.13.0-29-gdb529de (webtiles) character file.

350 Czerbonog the Slasher (level 5, -1/41 HPs)
             Began as a Demonspawn Fighter on Nov 5, 2013.
             Blown up by Ijyb (15 damage)
             ... with a wand of disintegration
             ... on Level 4 of the Dungeon on Nov 7, 2013.
             The game lasted 00:12:01 (2909 turns).

Czerbonog the Slasher (Demonspawn Fighter)          Turns: 2909, Time: 00:12:01

HP  -1/41        AC  8     Str 18      XL: 5   Next: 29%
MP   0/4         EV  6     Int  9      God:
Gold 175         SH 17     Dex 12      Spells:  0 memorised,  4 levels left

Res.Fire  : . . .   See Invis. : .   a - +0 falchion
Res.Cold  : . . .   Warding    : .   b - +0 scale mail
Life Prot.: . . .   Conserve   : .   c - +0 shield
Res.Poison: .       Res.Corr.  : .   (no helmet)
Res.Elec. : .       Clarity    : .   l - +0 cloak
Sust.Abil.: . .     Spirit.Shd : +   h - +0 pair of gauntlets
Res.Mut.  : .       Stasis     : .   (no boots)
Res.Rott. : .       Flight     : .   (no amulet)
Saprovore : . . .                    (no ring)
                                     (no ring)

@: very slightly contaminated, slightly resistant to hostile enchantments,
extremely unstealthy
A: berserk 1, demonic guardian 1, screaming 1, wild magic 1, magic shield
a: no special abilities


You were on level 4 of the Dungeon.
You were hungry.

You visited 1 branch of the dungeon, and saw 4 of its levels.

You collected 155 gold pieces.

Inventory:

Hand weapons
 a - a +0,+0 falchion (weapon)
Armour
 b - a +0 scale mail (worn)
 c - a +0 shield (worn)
 h - a +0 pair of gauntlets (worn)
 l - a +0 cloak (worn)
Magical devices
 x - a wand of teleportation (0)
Comestibles
 d - 2 bread rations
 f - 4 meat rations
 m - 2 pears
 q - 4 chunks of orc flesh
 u - an apple
 z - 11 grapes
 A - 3 chunks of orc flesh
 C - a lemon
 D - a chunk of rat flesh
 E - a cheese
Scrolls
 e - a scroll of recharging {unknown}
 g - 3 scrolls of remove curse {unknown}
 o - a scroll of enchant weapon II {unknown}
 p - a scroll of amnesia {unknown}
 s - 4 scrolls of identify {unknown}
 t - 3 scrolls of blinking {unknown}
 w - a scroll of curse armour {unknown}
 y - 2 scrolls of curse jewellery {unknown}
Jewellery
 B - an uncursed amulet of faith {unknown}
Potions
 j - a potion of cure mutation
Books
 r - a book of Frost

   Spells                             Type                      Level
   Freeze                             Ice                          1
   Throw Frost                        Conjuration/Ice              2
   Ozocubu's Armour                   Charms/Ice                   3
   Throw Icicle                       Conjuration/Ice              4
   Summon Ice Beast                   Ice/Summoning                4
   Condensation Shield                Ice                          4


   Skills:
 - Level 3.0 Fighting
 + Level 5.1 Long Blades
 - Level 2.6 Armour
 - Level 2.6 Shields


You had 4 spell levels left.
You didn't know any spells.

Dungeon Overview and Level Annotations

Branches:
Dungeon (4/27)
 Temple: D:4-7

Altars:
Fedhas
Makhleb

Annotations:
D:4 Ijyb


Innate Abilities, Weirdness & Mutations

A weak demonic guardian rushes to your aid.
When hurt, damage is shared between your health and your magic reserves.
You tend to lose your temper in combat.
You occasionally shout uncontrollably.
Your spells are a little harder to cast, but a little more powerful.


Message History

You feel yourself slow down. The bat barely misses you.
You block the bat's attack.
The hobgoblin hits you but does no damage.
Ijyb zaps a wand.
You are blasted!
You closely miss Ijyb. You block the bat's attack. The hobgoblin hits you.
Ijyb screams, "I cut your head off!"
Ijyb zaps a wand.
You resist.
You hit Ijyb but do no damage. The bat hits you but does no damage.
The hobgoblin hits you but does no damage.
You block Ijyb's attack. The hobgoblin hits you.
You hit Ijyb but do no damage. You block the bat's attack.
You block the bat's attack. Ijyb hits you with a club.
The hobgoblin hits you but does no damage.
You hit Ijyb but do no damage. Ijyb barely misses you.
You hit Ijyb but do no damage.
Ijyb zaps a wand.
You are blasted!
Ijyb hits you but does no damage.
You hit Ijyb but do no damage. You block Ijyb's attack.
You barely miss Ijyb.
Ijyb zaps a wand.
You are blasted!
You die...

#.# #.# #.# #.# #.# #.#
#.# #.# #.# #.# #.# #b# .
#########.######.##..$..
...............@gg.......#
#.........####5##.....
#.........# #.# ####
#...<..%..# #.#
#.........# #.#
#......>..# #.#
#.........# #.#
##########.. ... .. .


You could see Ijyb, a hobgoblin and a friendly crimson imp.

Vanquished Creatures
  The ghost of slix the Insei, an average DrMo (D:3)
  A worker ant (D:4)
  4 adders
  A worm (D:3)
  A giant gecko (D:3)
  2 oozes
  4 orcs (D:3)
  A ball python (D:1)
  11 bats
  8 hobgoblins
  2 jackals (D:1)
  2 quokkas
  3 giant cockroaches
  2 giant newts
  8 goblins
  5 kobolds
  5 rats
61 creatures vanquished.

Vanquished Creatures (others)
  A lemure (D:3)
  A white imp (D:3)
2 creatures vanquished.

Grand Total: 63 creatures vanquished

Notes
Turn   | Place    | Note
--------------------------------------------------------------
     0 | D:1      | Czerbonog, the Demonspawn Fighter, began the quest for the Orb.
     0 | D:1      | Reached XP level 1. HP: 18/18 MP: 0/0
   180 | D:1      | Gained mutation: A weak demonic guardian rushes to your aid. [demonic ancestry]
   180 | D:1      | Reached XP level 2. HP: 22/24 MP: 1/1
   761 | D:2      | Found a burning altar of Makhleb.
   902 | D:2      | Gained mutation: When hurt, damage is shared between your health and your magic reserves. [demonic ancestry]
   902 | D:2      | Reached XP level 3. HP: 25/30 MP: 2/2
  1061 | D:2      | Found a blossoming altar of Fedhas.
  1311 | D:2      | Gained mutation: You are clumsy. (Dex -2) [potion of mutation]
  1311 | D:2      | Gained mutation: You have a fast metabolism. [potion of mutation]
  1312 | D:2      | Lost mutation: You have a fast metabolism. [potion of cure mutation]
  1312 | D:2      | Lost mutation: You are clumsy. (Dex -2) [potion of cure mutation]
  1313 | D:2      | Gained mutation: You tend to lose your temper in combat. [potion of mutation]
  1313 | D:2      | Gained mutation: Your spells are a little harder to cast, but a little more powerful. [potion of mutation]
  1313 | D:2      | Gained mutation: You occasionally shout uncontrollably. [potion of mutation]
  1568 | D:3      | Noticed slix's ghost (average DrMo)
  1595 | D:3      | Killed slix's ghost
  1595 | D:3      | Reached skill level 4 in Long Blades
  1595 | D:3      | Reached XP level 4. HP: 24/36 MP: 3/3
  2200 | D:3      | Reached XP level 5. HP: 34/41 MP: 4/4
  2862 | D:4      | Reached skill level 5 in Long Blades
  2891 | D:4      | Noticed Ijyb
  2909 | D:4      | Blown up by Ijyb

Action                   |  1- 3 |  4- 6 || total
-------------------------+-------+-------++-------
Melee: Falchion          |   163 |    97 ||   260
Evoke: Wand              |     2 |       ||     2
  Use: Potion            |     3 |     4 ||     7
 Stab: Invisible         |       |     1 ||     1
